 Dungeon Sprint DCSS version 0.28-a0-199-g298df9dbad (webtiles) character file.

Game seed: 8627755102284030367

243 MikeHunt the Grappler (level 5, -3/43 HPs)
             Began as a Palentonga Monk on Aug 19, 2021.
             Slain by a human (6 damage)
             ... in the Dungeon (Sprint III: "The Ten Rune Challenge").
             The game lasted 00:03:40 (600 turns).

MikeHunt the Grappler (Palentonga Monk)              Turns: 600, Time: 00:03:41

Health: -3/43      AC:  5    Str: 14    XL:     5   Next: 82%
Magic:  5/5        EV: 12    Int: 13    God:
Gold:   20         SH:  0    Dex: 13    Spells: 4/4 levels left

rFire   . . .      SeeInvis +     - Unarmed
rCold   . . .      Faith    .   (no shield)
rNeg    . . .      Spirit   .   a - +0 robe
rPois   .          Reflect  .   (no helmet)
rElec   .          Harm     .   (no cloak)
rCorr   .          Rampage  .   f - +0 pair of gloves
Will    .....      NoTele   +   (no barding)
Stlth   ++........              (no amulet)
HPRegen 0.14/turn               (no ring)
MPRegen 0.09/turn               (no ring)

@: no status effects
A: large, rugged brown scales 3, see invisible, deformed body, roll 1, armoured
tail, clever 1, MP-powered wands
a: Rolling Charge


You were in the Dungeon.
You visited 1 branch You collected 20 gold pieces.

Inventory:

Armour
 a - a +0 robe (worn)
 f - a +0 pair of gloves (worn)
Scrolls
 g - a scroll of blinking
 i - a scroll of immolation
 l - a scroll of holy word
Potions
 e - 2 potions of magic
 h - 2 potions of mutation
 k - a potion of flight
 m - a potion of resistance


   Skills:
 - Level 3.0 Fighting
 + Level 7.6 Dodging
 - Level 1.2 Stealth
 + Level 9.1 Unarmed Combat


You had 4 spell levels left.
You didn't know any spells.
Your spell library was empty.

Dungeon Overview and Level Annotations

Branches:
Dungeon (1/1)

Altars:
Okawaru
Trog
Uskayaw
Wu Jian
Beogh


Innate Abilities, Weirdness & Mutations

You are completely covered in rugged brown scales. (AC +3, +7% HP)
You have supernaturally acute eyesight. (SInv)
Armour fits poorly on your strangely shaped body.
You can roll at nearby foes to attack.
You have a long armoured tail.
Your mind is acute. (Int +2)
You expend magic power (3 MP) to strengthen your wands.


Message History

Moving in this stuff is going to be slow.
The human closely misses you.
You closely miss the human. The human barely misses you.
You closely miss the human. The human barely misses you.
You barely miss the human. The human barely misses you.
You closely miss the human. You punch the human! You tail-slap the human.
You punch the human.
The human is moderately wounded.
The human barely misses you.
You hit the human.
The human is heavily wounded.
The human hits you but does no damage.
The human hits you from afar with a +0 spear.
You punch the human!
The human is severely wounded.
The human closely misses you. The human barely misses you.
You completely miss the human. You punch the human, but do no damage.
The human is severely wounded.
The human closely misses you. The human misses you.
You punch the human!
You kill the human!
The human hits you from afar with a +0 spear!
* * * LOW HITPOINT WARNING * * *
Your Dodging skill gained 2 levels and is now at level 7!
Your Unarmed Combat skill gained 2 levels and is now at level 9!
You have reached level 5!
The human hits you with a +0 spear.
* * * LOW HITPOINT WARNING * * *
Okay, then.
Blink to where?
Press: ? - help, Dir - move target
Okay, then.
You barely miss the human. You hit the human.
Your tail-slap misses the human.
The human is lightly wounded.
The human misses you.
You punch the human!
The human is heavily wounded.
The human hits you with a +0 spear.
You die...

▓▓▓▓▓▓▓▓▓▓▓▓ ▓▓▓
§.#..'.....♣♣ ♣.# #####
..#..#......♣ ♣.# #___#
#'####....♣♣♣ ♣♣@# #__.
.....#..÷.≈.♣♣♣.p###+#'###+##
.....#...≈≈♣♣♣.♣.#..........#
.....#..≈≈≈≈♣..♣.'.⌠........#
####'#..≈≈≈≈≈≈♣♣.#...######+#
....)#.≈≈≈≈≈≈....#.⌠.#
.....#.≈≈≈≈≈.....#...#
.....#.≈≈≈.......#+###
'#####......p....#


You could see a human.

Vanquished Creatures
  A water elemental (D)
  Jessica (D)
  2 humans (D)
  A phantom (D)
  3 rats (D)
8 creatures vanquished.

Vanquished Creatures (others)
  2 plants (D)
2 creatures vanquished.

Grand Total: 10 creatures vanquished

Notes
Turn   | Place    | Note
-------+----------+-------------------------------------------
     0 | D        | MikeHunt the Palentonga Monk began the quest for the Orb.
     0 | D        | Reached XP level 1. HP: 19/19 MP: 1/1
    15 | D        | Noticed Jessica
    27 | D        | Killed Jessica
    28 | D        | Reached skill level 5 in Unarmed Combat
    28 | D        | Reached XP level 2. HP: 21/25 MP: 2/2
   196 | D        | Reached XP level 3. HP: 24/31 MP: 3/3
   218 | D        | Gained mutation: You expend magic power (3 MP) to
                  | strengthen your wands. [potion of mutation]
   218 | D        | Gained mutation: Your mind is acute. (Int +2) [potion of
                  | mutation]
   303 | D        | Noticed a water elemental
   327 | D        | Killed a water elemental
   328 | D        | Reached skill level 5 in Dodging
   328 | D        | Reached skill level 7 in Unarmed Combat
   328 | D        | Reached XP level 4. HP: 15/37 MP: 4/4
   526 | D        | Found a hide-covered altar of Uskayaw.
   526 | D        | Found an iron altar of Okawaru.
   527 | D        | Found a bloodstained altar of Trog.
   527 | D        | Found an ornate altar of the Wu Jian Council.
   527 | D        | Noticed a human
   528 | D        | Noticed a human
   596 | D        | Killed a human
   597 | D        | Reached skill level 9 in Unarmed Combat
   597 | D        | Reached XP level 5. HP: 7/43 MP: 5/5
   597 | D        | HP: 2/43 [human (5)]
   600 | D        | Slain by a human

Illustrated notes

Levels and vault maps discovered:
D:        dungeon_sprint_mu [sprint_mu_entry_forest, sprint_mu_temple_rooms,
          sprint_mu_d1_spiders, sprint_mu_d2_genie, sprint_mu_d3_branching,
          sprint_mu_orc_legion, sprint_mu_elf_gauntlet, sprint_mu_hive_nellie,
          sprint_mu_lair_fedhas, sprint_mu_vaults_butterflies,
          sprint_mu_slime_circle, sprint_mu_swamp_cave, sprint_mu_snake_twists,
          sprint_mu_blade_basic, sprint_mu_crypt_fortress,
          sprint_mu_tomb_spiral, sprint_mu_vestibule_basic,
          sprint_mu_gehenna_hellfire, sprint_mu_dis_giant,
          sprint_mu_tartarus_statrot, sprint_mu_cocytus_islands, sprint_mu_zot1]

Skill      XL: |  1  2  3  4 |
---------------+-------------+-----
Dodging        | 4 5 7 |  7.6
Unarmed Combat | 5 7 9 |  9.1
Fighting       | |  3.0
Stealth        | |  1.2

Action                   |  1- 3 |  4- 6 || total
-------------------------+-------+-------++-------
Melee: Unarmed           |    59 |    12 ||    71
       Tailslap          |    10 |     1 ||    11
       Punch             |     2 |     2 ||     4
 Abil: Rolling Charge    |     2 |       ||     2
  Use: Potion            |     6 |       ||     6
       Scroll            |       |     5 ||     5
Armor: Robe              |     5 |     1 ||     6
Dodge: Dodged            |    18 |    13 ||    31

Table legend: (Time is in decaauts)
 A = Elapsed time spent in this place.
 B = Non-inter-level travel time spent in this place.
 C = Inter-level travel time spent in this place.
 D = Time resting spent in this place.
 E = Time spent auto-exploring this place.
 F = Levels seen in this place.
 G = Mean time per level.
                   A        B        C        D        E       F      G
               +--------+--------+--------+--------+--------+-----+--------+
         Total |    583 |    583 |      0 |    338 |      0 |   1 |  583.0 |
       Dungeon |    583 |    583 |      0 |    338 |      0 |   1 |  583.0 |
               +--------+--------+--------+--------+--------+-----+--------+

Top non-repeatable levels by time:
       D: 583 daAuts
